 Dungeon Crawl Stone Soup version 0.30.0-17-ge0270778cf (webtiles) character file.

Game seed: 15488023437491258837

181 Twinkles the Slasher (level 5, -2/40 HPs)
             Began as a Vampire Warper on May 21, 2023.
             Slain by an orc wizard
             ... wielding a +4 whip
              (3 damage)
             ... on level 3 of the Dungeon.
             The game lasted 00:05:35 (1910 turns).

Twinkles the Slasher (Vampire Warper)               Turns: 1910, Time: 00:05:35

Health: -2/40      AC:  6    Str: 10    XL:     5   Next: 34%
Magic:  8/8        EV: 11    Int: 16    God:
Gold:   128        SH:  0    Dex: 15    Spells: 8/8 levels left

rFire   . . .        a - +0 falchion
rCold   . . .        (no shield)
rNeg    . . .        f - +0 ring mail
rPois   .            h - +0 helmet
rElec   .            (no cloak)
rCorr   .            (no gloves)
SInv    +            (no boots)
Will    .....        (no amulet)
Stlth   +            (no ring)
HPRegen 0.46/turn    (no ring)
MPRegen 0.11/turn

%: no passive effects
@: healing quickly
A: alive, fangs 3, see invisible, vampiric 2
a: Exsanguinate


You were on level 3 of the Dungeon.
You visited 1 branch of the dungeon, and saw 3 of its levels.

You collected 128 gold pieces.

Inventory:

Hand Weapons
 a - a +0 falchion (weapon)
 c - a +0 dagger of venom
Missiles
 d - 7 boomerangs of dispersal (quivered)
 e - 6 poisoned darts
 j - 6 curare-tipped darts
Armour
 b - a +0 leather armour
 f - a +0 ring mail (worn)
 g - a +0 chain mail
 h - a +0 helmet (worn)
Jewellery
 n - an amulet of regeneration
 p - a ring of protection from cold
Scrolls
 i - 2 scrolls of teleportation {unknown}
 k - 3 scrolls of identify {unknown}
 l - a scroll of enchant armour {unknown}
 D - 2 scrolls of blinking
Potions
 m - a potion of lignification {unknown}
 o - a potion of mutation {unknown}
 q - a potion of flight {unknown}
 r - a potion of haste {unknown}
 s - a potion of heal wounds {unknown}
 A - a potion of attraction
 C - a potion of cancellation
 Q - 2 potions of magic


   Skills:
 + Level 2.9 Fighting
 * Level 4.2 Long Blades
 - Level 0.7 Throwing
 - Level 0.7 Armour
 + Level 3.6 Dodging
 - Level 2.0 Spellcasting
 - Level 2.4 Translocations


You had 8 spell levels left.
You didn't know any spells.
Your spell library contained the following spells:

 Spells                   Type           Power      Damage    Failure   Level
 Blink                    Tloc           18%        N/A       30%         2
 Lesser Beckoning         Tloc           18%        N/A       30%         2
 Teleport Other           Tloc           9%         N/A       52%         3
 Vhi's Electric Charge    Tloc/Air       10%        N/A       69%         3
 Manifold Assault         Tloc           9%         N/A       90%         4


Dungeon Overview and Level Annotations

Branches:
Dungeon (3/15) Zot: 16052

Altars:
Fedhas


Innate Abilities, Weirdness & Mutations

Your natural rate of healing is accelerated.
You have razor-sharp teeth.
You have supernaturally acute eyesight. (SInv)
You are afflicted with vampirism and can become a bat while bloodless.


Message History

The orc wizard hits you but does no damage.
You hit the orc wizard.
You kill the orc wizard!
You closely miss the orc wizard. You bite the orc wizard.
The orc wizard is lightly wounded.
The orc wizard barely misses you.
You bump into the rock wall.
The orc wizard completely misses you.
You bump into the rock wall.
The orc wizard barely misses you.
You miss the orc wizard.
The orc wizard is lightly wounded.
You feel less confused. The orc wizard hits you with a +4 whip.
You hit the orc wizard.
The orc wizard is moderately wounded.
The orc wizard hits you with a +4 whip.
You barely miss the orc wizard.
The orc wizard is moderately wounded.
The orc wizard points at you and mumbles some strange words.
The magic dart hits you.
You hit the orc wizard.
The orc wizard is severely wounded.
The orc wizard casts a spell at you. The magic dart hits you.
You barely miss the orc wizard.
The orc wizard is severely wounded.
The orc wizard hits you with a +4 whip.
You barely miss the orc wizard.
The orc wizard is severely wounded.
The orc wizard hits you with a +4 whip.
* * * LOW HITPOINT WARNING * * *
You closely miss the orc wizard.
The orc wizard is severely wounded.
The orc wizard closely misses you.
You closely miss the orc wizard.
The orc wizard is severely wounded.
The orc wizard points at you and mumbles some strange words.
The puff of flame hits you!
* * * LOW HITPOINT WARNING * * *
The orc wizard hits you with a +4 whip.
You die...

#############
##.......... ...
#.......... ...
#..........# ....
#..........# .....
#..........# .....#
............# ......#
###..........#
.......########........##
#†o@...####.........
######...# ##### ###.# #
#.## # #..# . ##.## . ##
###..#....
########......#
#........##.###


You could see an orc wizard (invisible).

Vanquished Creatures
  An orc priest (D:3)
  An orc wizard (D:3)
  Robin (D:2)
  4 adders
  A worm (D:3)
  2 dart slugs (D:1)
  8 orcs (D:3)
  5 ball pythons
  3 endoplasms
  3 giant cockroaches
  14 goblins
  5 hobgoblins
  2 jackals (D:3)
  6 kobolds
  3 quokkas
  8 bats
  3 frilled lizards
  8 rats
78 creatures vanquished.

Notes
Turn   | Place    | Note
-------+----------+-------------------------------------------
     0 | D:1      | Twinkles the Vampire Warper began the quest for the Orb.
     0 | D:1      | Reached XP level 1. HP: 16/16 MP: 3/3
   170 | D:1      | Reached XP level 2. HP: 22/22 MP: 5/5
   362 | D:1      | Gained mutation: You are afflicted with vampirism and can
                  | become a bat while bloodless. [Vampire growth]
   362 | D:1      | Reached XP level 3. HP: 27/27 MP: 6/6
   711 | D:2      | Reached skill level 3 in Long Blades
   717 | D:2      | HP: 9/27 [quokka (1)]
  1256 | D:3      | Noticed Robin
  1409 | D:2      | Reached XP level 4. HP: 24/34 MP: 7/7
  1457 | D:2      | HP: 10/34 [poisoned by a goblin]
  1460 | D:2      | HP: 3/34 [poisoned by a goblin]
  1573 | D:2      | Killed Robin
  1786 | D:3      | Found a blossoming altar of Fedhas.
  1881 | D:3      | Reached skill level 4 in Long Blades
  1881 | D:3      | Reached XP level 5. HP: 40/40 MP: 8/8
  1907 | D:3      | HP: 13/40 [orc wizard/+4 whip (6)]
  1910 | D:3      | HP: 1/40 [orc wizard/puff of flame (11)]
  1910 | D:3      | Slain by an orc wizard

Illustrated notes

Levels and vault maps discovered:
D:1:      ncdulo_lavacross, layout_basic
D:2:      layout_loops_ring
D:3:      layout_rooms, fedhas_altar_3, minmay_misc_feat_chi, uniq_robin

Skill      XL: |  1  2  3  4 |
---------------+-------------+-----
Fighting       | 2 |  2.9
Long Blades    | 3 4 |  4.2
Dodging        | 3 |  3.6
Throwing       | |  0.7
Armour         | |  0.7
Spellcasting   | |  2.0
Translocations | |  2.4

Action                     |  1- 3 |  4- 6 || total
---------------------------+-------+-------++-------
  Melee: Falchion          |   124 |   101 ||   225
         Bite              |    16 |    11 ||    27
         Punch             |     2 |     3 ||     5
    Use: Potion            |       |     4 ||     4
   Stab: Sleeping          |     3 |       ||     3
 Armour: Leather armour    |    44 |    21 ||    65
         Ring mail         |       |    11 ||    11
  Dodge: Dodged            |   112 |    72 ||   184
